Kustaa, neutral male gnomish Archeologist --- ---- --.-- |..------- ---- |...-- |........---- -- --- |..-- --- --...--# |...----....-- .| --.-- ---- |...| --.-- --...# ---.---#.....##------------ .| ----...| ...| --..-- |...| --...# #...#---................| -.| |......| --.. |.^.| --..-- |...--* --- ------#.---#%..--.---------.--- #.|##..%.-----.- |.--- |...| --..-- #-.-- |..---|...#|.......| |...|#|.#|.....| |..------.| ---.----...---...----....--#-.--...#-.-- ###-.#-|.--.....|---.........| |...|...........................--### * ---...|....|...||...------..-- ---.|.-------...----.@B.--#--.-.---- * --...-.|..#------|.--- |...-- |...--- |...----...-| #|......-- |.........|.---- |.| --..^| ---.|...| ---...^.....---.#-#.....# --..............--|.| --<..-- --...|...-- |..........|..........- |................||.| --.....| |....|-...---- --.....................| |................||.| |.....-- |....|--.....| -......%.....--....|.-- |................--.| --.....-- --....-----...| ->..|.........- ...---- ---.........----....| ---|.......| |........--..--|..----.............| #-....----- ---..|--.--......-- --.........--- |.. |..--.......--- ------ |..||.........-- ----.--..-- --- ------------- |..|--.-------- ------- ---- --- Kustaa the Field Worker Experience level: 3 Strength: 17 Dexterity: 9 Constitution: 11 Intelligence: 15 Wisdom: 11 Charisma: 11 Health: 0(22) Energy: 7(7) Def: 1 Gold: 7 Moves: 833 Dungeon seed: _dYeaLZ-pnSTooa0 Game ID: Kustaa_1525364533 Your Inventory: Coins $ - 7 gold pieces Weapons a - a cursed +2 bullwhip (weapon in hand) Armor e - an uncursed +0 leather jacket (being worn) n - an uncursed +0 fedora (being worn) Comestibles b - 4 uncursed food rations Scrolls g - an uncursed scroll of blank paper j - an uncursed scroll of remove curse Rings u - an uncursed ring of see invisible Tools c - a cursed +0 pick-axe (alternate weapon; not wielded) d - a tinning kit (0:76) f - an uncursed sack l - an uncursed skeleton key m - an uncursed mirror Gems q - an uncursed touchstone r - an uncursed worthless piece of white glass y - an uncursed worthless piece of yellowish brown glass Spells and supernatural/magical abilities: Name Level Category Fail Memory W - pray for help -- divine ? -- Your skills at the end: Fighting Skills Weapon Skills pick-axe [Basic] whip [Basic] Spellcasting Skills Final Attributes: You were piously aligned. You had infravision. You were stealthy. You were fast. You are dead. Vanquished creatures: a bugbear a giant rat a brown mold 4 jackals a fox 3 sewer rats 2 grid bugs 2 lichens a kobold zombie 2 newts 18 creatures vanquished. Voluntary challenges: You were an atheist. You used a wielded weapon 20 times, starting on turn 4. You were illiterate. You never genocided any monsters. You never polymorphed an object. You never changed form. You used no wishes. You never split a pudding. You never wrote Elbereth's name. You never violated your personal moral code. Dungeon overview: The Dungeons of Doom: levels 1 to 2 Level 1 a fountain a long staircase Level 2 stairs to The Gnomish Mines The Gnomish Mines: Level 3 <- You were here stairs to The Dungeons of Doom History has recorded: On T:1 you entered the Dungeons of Doom to retrieve the Amulet of Yendor! On T:204 you reached level 2 of The Dungeons of Doom. On T:380 you reached level 1 of The Gnomish Mines. On T:504 you advanced to experience level 2. On T:803 you advanced to experience level 3. Score breakdown: Gold: 7 ( 3072 points) Experience: 3 levels ( 7878 points) Exploration: 3 levels ( 5.66%) ( 5883 points) Discoveries: 0 items ( 0.00%) ( 0 points) Valuables value: (no points given unless you survive) Artifact value: 0 ( 0 points) Variety of kills: 10 monsters ( 2.62%) ( 4860 points) Turncount: 833 turns ( 0 points) Survival: died (score multiplied by 80%) Total score: 17354 Latest messages: There are a few objects here. t - a yellow potion. There is nothing here to pick up. This tastes like slime mold juice. (You can name a yellow potion from the item naming menu.) u - a diamond ring. There is nothing here to pick up. Sorry, I don't know how to use that. You hear crashing rock. (2x) The sewer rat bites! You kill the sewer rat! The sewer rat bites! You kill the sewer rat! Welcome to experience level 3. A gush of water hits your right arm! A gush of water hits you on the head! You miss the giant bat. The giant bat bites! (4x) You miss the giant bat. The giant bat bites! (2x) You die... The sack is empty. Final status: Goodbye Kustaa the Archeologist, killed by a giant bat... You died in The Gnomish Mines on dungeon level 3 with 17354 points, and 7 pieces of gold, after 833 moves. You were level 3 with a maximum of 22 hit points when you died.